 Dungeon Crawl Stone Soup version 0.30.1-11-g7821555f0a (webtiles) character file.

Game seed: 15217898263644007330

5658 Martska the Fighter (level 10, -3/75 (83) HPs)
             Began as a Demonspawn Fighter on Dec 14, 2023.
             Slain by a wight
             ... wielding a +4 long sword of freezing
              (5 damage)
             ... on level 9 of the Dungeon.
             The game lasted 00:09:16 (7364 turns).

Martska the Fighter (Demonspawn Fighter)            Turns: 7364, Time: 00:09:17

HP:   -3/75 (83)    AC: 10    Str: 22    XL:     10   Next: 46%
MP:   10/10         EV: 17    Int: 15    God:
Gold: 491           SH:  5    Dex: 12    Spells: 9/9 levels left

rFire   . . .        x - +3 flail (drain)
rCold   . . .        c - +0 buckler
rNeg    . . .        b - +0 scale mail
rPois   .            J - +0 helmet
rElec   .            (no cloak)
rCorr   .            (no gloves)
SInv    .            u - +0 pair of boots
Will    +....        (no amulet) Stlth
                     t - ring of willpower
HPRegen 0.32/turn    A - +6 ring of intelligence
MPRegen 0.12/turn

%: no passive effects
@: mighty, agile, drained
A: powered by death 3, powered by pain 1, weakness stinger 2
a: no special abilities


You were on level 9 of the Dungeon.
You visited 2 branches of the dungeon, and saw 10 of its levels.

You collected 491 gold pieces.

Inventory:

Hand Weapons
 a - a +0 war axe
 m - a +1 dagger of electrocution
 r - a +1 mace of protection
 x - a +3 flail of draining (weapon)
 K - a +0 morningstar
 P - a +2 morningstar
Missiles
 y - a throwing net (quivered)
Armour
 b - a +0 scale mail (worn)
 c - a +0 buckler (worn)
 u - a +0 pair of boots (worn)
 J - a +0 helmet (worn)
Jewellery
 t - a ring of willpower (left hand)
 v - a ring of ice
 A - a +6 ring of intelligence (right hand)
 H - a ring of wizardry
 O - a ring of protection from cold
 Q - a ring of poison resistance
Wands
 z - a wand of flame (21)
 G - a wand of light (11)
 M - a wand of polymorph (10)
 N - a wand of roots (9)
Scrolls
 f - 4 scrolls of magic mapping {unknown}
 g - 4 scrolls of identify {unknown}
 j - a scroll of amnesia {unknown}
 k - 2 scrolls of fog {unknown}
 l - 7 scrolls of teleportation {unknown}
 n - 4 scrolls of poison {unknown}
 p - 3 scrolls of blinking {unknown}
 w - 2 scrolls of immolation {unknown}
 B - 3 scrolls of vulnerability {unknown}
 C - a scroll of silence {unknown}
 E - a scroll of torment {unknown}
 I - a scroll of enchant weapon {unknown}
 R - a scroll of noise {unknown}
 T - a scroll of fear {unknown}
Potions
 d - 3 potions of might
 e - 2 potions of mutation {unknown}
 h - 2 potions of curing {unknown}
 i - 3 potions of flight {unknown}
 o - a potion of invisibility
 q - 3 potions of attraction {unknown}
 s - a potion of berserk rage {unknown}
 D - 5 potions of lignification {unknown}
 F - 2 potions of haste {unknown}
 L - 2 potions of degeneration {unknown}
 S - a potion of magic {unknown}


   Skills:
 * Level 9.1 Fighting
 - Level 1.7(4.4) Axes
 * Level 6.3(6.5) Maces & Flails
 + Level 6.2 Armour
 + Level 6.5 Dodging
 + Level 6.1 Shields


You had 9 spell levels left.
You didn't know any spells.
Your spell library contained the following spells:

 Spells                   Type           Power      Damage    Failure   Level
 Necrotise                Necr           0%         1d4       61%         1
 Dazzling Flash           Conj/Hex       0%         N/A       93%         3
 Vampiric Draining        Necr           0%         2d6       93%         3
 Volatile Blastmotes      Fire/Tloc      0%         2d10      93%         3
 Fulminant Prism          Conj/Hex       0%         3d5       100%        4
 Iskenderun's Mystic Bla  Conj/Tloc      0%         2d3       100%        4
 Agony                    Necr           0%         N/A       100%        5
 Lee's Rapid Deconstruct  Erth           0%         3d4*      100%        5
 Starburst                Conj/Fire      0%         6d3       100%        6


Dungeon Overview and Level Annotations

Branches:
Dungeon (9/15)             Temple (1/1) D:6            Lair (0/5) D:8
    Orc: D:9-12

Altars:
Ashenzari
Cheibriados
Dithmenos
Gozag
Hepliaklqana
Makhleb
Nemelex Xobeh
Okawaru
Ru
Trog
Wu Jian
Xom
Yredelemnul

Annotations:
D:6 2 transporters, Martska's ghost, novice DsFi


Innate Abilities, Weirdness & Mutations

You regenerate a lot of health from kills.
You sometimes gain a little power by taking damage.
You have a tail ending in a sharp stinger.


Message History

A wight comes into view. It is wielding a +0 falchion.
You block the wight's attack.
You closely miss the wight. The wight closely misses you.
You hit the wight but do no damage.
The wight hits you with a +0 long sword.
You closely miss the wight.
The wight hits you with a +0 long sword.
You hit the wight.
Your tail-slap misses the wight.
The wight is moderately damaged.
The wight hits you with a +4 long sword of freezing!
The wight freezes you.
The wight hits you with a +0 long sword.
You sock the wight!
Your tail-slap misses the wight.
The wight is almost destroyed.
The wight hits you with a +4 long sword of freezing!
You focus on the pain.
You feel agile all of a sudden.
You feel drained. The wight freezes you. You block the wight's attack.
You hit the wight but do no damage.
The wight is almost destroyed.
The wight barely misses you. The wight completely misses you.
You sock the wight!
You destroy the wight!
You block the wight's attack.
The wight hits you with a +4 long sword of freezing!
You feel drained. The wight freezes you. The wight hits you with a +0 falchion.
* * * LOW HITPOINT WARNING * * *
You hit the wight but do no damage. The wight misses you.
The wight completely misses you.
You hit the wight but do no damage. The wight barely misses you.
You block the wight's attack.
You barely miss the wight.
The wight hits you with a +4 long sword of freezing!
* * * LOW HITPOINT WARNING * * *
You focus on the pain.
You feel very mighty all of a sudden.
You feel drained.
* * * LOW HITPOINT WARNING * * *
The wight freezes you.
You die...

#.##..########.
.....
...####..........
.._..
#..#.....########
.....##..####.##
..§§..... #.#
..≈§....# #.#
.§§§....# #.#
.§.§..zz# #.#
....##@### #.#
#.....# #.#
#####.###.########
#.............
###.....######
##...## ##.## #.#
#.#


You could see 2 wights.

Vanquished Creatures
  A two-headed ogre (D:4)
  An elephant (D:8)
  A hornet (D:7)
  A wraith (D:7)
  A yak (D:8)
  A basilisk (D:8)
  A steam dragon (D:7)
  2 acid dragons
  Edmund (D:4)
  A water moccasin (D:8)
  An orc warrior (D:9)
  An ice beast (D:8)
  5 black bears
  2 sky beasts
  An ogre (D:5)
  4 centaurs
  A phantom (D:7)
  A bullfrog (D:7)
  A necrophage (D:7)
  5 scorpions
  9 wights
  5 killer bees (D:8)
  3 howler monkeys (D:7)
  3 jellies
  A crimson imp (D:6)
  2 hounds
  2 centaur skeletons (D:7)
  An orc priest (D:4)
  A gnoll bouda (D:6)
  2 sleepcaps
  Terence (D:2)
  6 iguanas
  6 orc wizards
  A spectral killer bee (D:7)
  A centaur simulacrum (D:7)
  16 gnolls
  5 adders
  A shadow imp (D:6)
  3 white imps
  3 worms
  4 dart slugs
  14 orcs
  7 ball pythons
  5 endoplasms
  2 giant cockroaches
  9 goblins
  5 hobgoblins
  8 jackals
  10 kobolds
  3 quokkas
  10 bats
  2 frilled lizards
  4 rats
188 creatures vanquished.

Notes
Turn   | Place    | Note
-------+----------+-------------------------------------------
     0 | D:1      | Martska the Demonspawn Fighter began the quest for the Orb.
     0 | D:1      | Reached XP level 1. HP: 18/18 MP: 1/1
   109 | D:1      | Gained mutation: You sometimes gain a little power by
                  | taking damage. [demonic ancestry]
   109 | D:1      | Reached XP level 2. HP: 23/24 MP: 2/2
   323 | D:1      | Found a faded altar of an unknown god.
   342 | D:1      | Reached skill level 1 in Dodging
   569 | D:1      | Gained mutation: You regenerate a little health from kills.
                  | [demonic ancestry]
   569 | D:1      | Reached XP level 3. HP: 29/29 MP: 3/3
  1397 | D:2      | Gained mutation: You regenerate health from kills. [demonic
                  | ancestry]
  1397 | D:2      | Reached XP level 4. HP: 20/37 MP: 4/4
  1464 | D:2      | Noticed Terence
  1477 | D:2      | Killed Terence
  1592 | D:2      | Identified the +6 short sword of Calculation {flame, MP-9
                  | Int+4}
  2186 | D:3      | Reached skill level 4 in Fighting
  2600 | D:3      | Gained mutation: You have a small tail. [demonic ancestry]
  2600 | D:3      | Reached XP level 5. HP: 42/42 MP: 5/5
  2873 | D:4      | Noticed Edmund
  2974 | D:4      | Killed Edmund
  2975 | D:4      | Gained mutation: You regenerate a lot of health from kills.
                  | [demonic ancestry]
  2975 | D:4      | Reached XP level 6. HP: 25/49 MP: 6/6
  3162 | D:4      | Found a basalt altar of Yredelemnul.
  3262 | D:4      | Noticed a two-headed ogre
  3273 | D:4      | Killed a two-headed ogre
  3274 | D:4      | Reached skill level 5 in Fighting
  3274 | D:4      | Reached XP level 7. HP: 8/57 MP: 7/7
  3274 | D:4      | Gained mutation: You have a tail ending in a sharp stinger.
                  | [demonic ancestry]
  3274 | D:4      | Reached XP level 8. HP: 10/64 MP: 8/8
  3646 | D:4      | Found a bloodstained altar of Trog.
  3901 | D:5      | Entered Level 5 of the Dungeon
  3907 | D:5      | Reached skill level 6 in Fighting
  4205 | D:5      | Reached skill level 5 in Dodging
  4680 | D:6      | Found an opulent altar of Gozag.
  4796 | D:6      | Reached skill level 7 in Fighting
  4806 | D:6      | Reached skill level 5 in Armour
  4939 | D:6      | Found a transporter.
  4940 | D:6      | Noticed Martska's ghost (novice DsFi)
  4941 | D:6      | Identified the +8 great mace of Red Wine {antimagic, Will+
                  | Str-3 Int+3}
  4941 | D:6      | Noticed a two-headed ogre
  4946 | D:6      | Found a transporter.
  4986 | D:6      | Reached XP level 9. HP: 60/72 MP: 9/9
  4999 | D:6      | Found a staircase to the Ecumenical Temple.
  5017 | Temple   | Entered the Ecumenical Temple
  5201 | D:6      | Reached skill level 5 in Shields
  5318 | D:6      | Found a burning altar of Makhleb.
  5319 | D:6      | Found a shimmering altar of Xom.
  5814 | D:7      | Reached skill level 8 in Fighting
  5814 | D:7      | Reached skill level 5 in Maces & Flails
  5821 | D:7      | Identified the +0 dagger of Melee {pain, rF+ rC+}
  6483 | D:7      | Found a sacrificial altar of Ru.
  6572 | D:8      | Noticed an elephant
  6573 | D:8      | Found a staircase to the Lair.
  6583 | D:8      | Reached XP level 10. HP: 82/82 MP: 10/10
  6588 | D:8      | Killed an elephant
  7213 | D:9      | Reached skill level 9 in Fighting
  7353 | D:9      | Found an ornate altar of the Wu Jian Council.
  7364 | D:9      | HP: 2/75 [wight/+4 long sword of freezing (5)]
  7364 | D:9      | Slain by a wight

Illustrated notes

Levels and vault maps discovered:
D:1:      sevenhm_arrival_forest_fort_large_2, layout_basic,
          ebering_ecumenical_altar_abandoned, serial_bayou_pond_b
D:2:      layout_loops_ring, uniq_terence
D:3:      layout_basic, serial_rivers, chequers_serial_rivers_micro_e,
          chequers_serial_rivers_small_b, chequers_serial_rivers_micro_b,
          chequers_serial_rivers_small_a, chequers_serial_rivers_small_3,
          chequers_serial_rivers_small_a
D:4:      layout_basic, lightli_temple_of_fire, old_standard_altar,
          old_standard_altar, uniq_edmund
D:5:      layout_basic, corexii_checkpoint_a, minmay_misc_feat_diagonals,
          nicolae_underground_beach
D:6:      minmay_klotski, layout_basic, grunt_temple_overflow_champion_of_chaos,
          nicolae_gozag_seed_capital, minmay_temple_entry_junction_2,
          gammafunk_ghost_smash, nrook_mini_vaults, hangedman_decor_slide_cut,
          minmay_strange_pillars, minmay_pentangle
D:7:      minmay_chambers_of_fours, layout_loops_ring,
          nicolae_overflow_hidden_temple, corexii_checkpoint_b,
          dilly_guarded_unrand_morg
D:8:      layout_loops_ring, david_lair_generic
D:9:      layout_loops_corners, nicolae_wu_jian_wuxing_cycle,
          grunt_temple_overflow_open
Temple:   hellmonk_temple_rainy

Skill      XL: |  1  2  3  4  5  6  7  8  9 10 |
---------------+-------------------------------+-----
Dodging        | 1 2 3 4 5 6 |  6.5
Armour         | 3 4 5 6 |  6.2
Shields        | 3 4 5 6 |  6.1
Fighting       | 4 5 7 8 9 |  9.1
Maces & Flails | 2 3 5 6 |  6.3
Axes           | |  1.7

Action                     |  1- 3 |  4- 6 |  7- 9 | 10-12 || total
---------------------------+-------+-------+-------+-------++-------
  Melee: War axe           |    76 |       |       |       ||    76
         Dagger            |    40 |    23 |       |       ||    63
         Mace              |       |   111 |       |       ||   111
         Tailslap          |       |     9 |    46 |     9 ||    64
         Flail             |       |    40 |   269 |    95 ||   404
    Use: Potion            |       |     1 |     1 |       ||     2
 Armour: Scale mail        |    54 |    99 |   152 |    17 ||   322
  Dodge: Dodged            |    47 |   141 |   190 |    44 ||   422
  Block: Buckler           |    29 |    52 |    94 |    30 ||   205
